AoeStats
← Louis087577

Arabia

505303140Analyzed
2v2 RM · 25d ago on Sep 8, 2026· 67m 36s· 4 players
Game mode
Random Map
Map size
Medium (4 player)
Population
200
Speed
Normal
Resources
Standard
Victory
Conquest
Starting age
Dark Age
Ending age
Imperial Age
RankedLock teamsTeams togetherTeam positionsShared explorationLock speedFull tech treeHidden civsTurbo modeCheats
Victory
Defeat
🇫🇷 Teutons · France
1049
+14
🇫🇷 Persians · France
1015
+16
🇧🇷 Vikings · Brazil
1057
-17
🇧🇷 Franks · Brazil
958
-13
βolacha
7:35 Loom
10:13 Feudal Age
10:45 Double-Bit Axe
21:41 Castle Age
19:54 Gold Mining
20:49 Forging
20:50 Stone Mining
21:17 Scale Barding Armor
22:52 Bow Saw
23:04 Chain Barding Armor
25:12 Gold Shaft Mining
27:10 Iron Casting
27:40 Pikeman
28:21 Squires
32:29 Husbandry
34:18 Gambesons
39:35 Wheelbarrow
41:43 Imperial Age
39:54 Wheelbarrow
39:05 Town Watch
41:51 Cavalier
46:53 Blast Furnace
46:54 Scale Mail Armor
47:29 Plate Barding Armor
47:39 Paladin
50:00 Chain Mail Armor
49:42 Arson
51:51 Plate Mail Armor
51:31 Halberdier
56:53 Hand Cart
56:38 Town Patrol
65:03 Light Cavalry
Viniciussgg
2:59 Loom
9:30 Feudal Age
9:59 Double-Bit Axe
20:03 Castle Age
18:45 Man-at-Arms
19:10 Arson
19:59 Horse Collar
20:12 Long Swordsman
23:41 Scale Mail Armor
25:22 Chain Mail Armor
25:18 Forging
25:55 Gold Mining
25:36 Pikeman
26:44 Squires
26:30 Gambesons
35:49 Imperial Age
35:59 Two-Handed Swordsman
37:14 Plate Mail Armor
37:19 Iron Casting
36:47 Chieftains
37:29 Heavy Plow
37:46 Champion
48:41 Stone Mining
49:27 Gold Shaft Mining
50:03 Chemistry
48:44 Treadmill Crane
49:31 Ballistics
67:02 Capped Ram
jj84
6:01 Loom
11:09 Feudal Age
11:34 Horse Collar
11:41 Double-Bit Axe
12:34 Wheelbarrow
21:20 Castle Age
20:57 Bloodlines
21:37 Forging
21:33 Scale Barding Armor
21:24 Gold Mining
22:05 Heavy Plow
22:16 Bow Saw
23:44 Heavy Plow
25:00 Iron Casting
31:00 Hand Cart
30:30 Town Watch
34:15 Redemption
37:48 Imperial Age
38:40 Masonry
37:54 Cavalier
39:43 Chain Barding Armor
40:24 Blast Furnace
39:46 Paladin
45:32 Conscription
47:24 Crop Rotation
47:55 Two-Man Saw
49:10 Ballistics
49:40 Fletching
49:51 Scale Mail Armor
53:16 Squires
52:38 Pikeman
54:50 Caravan
59:49 Town Patrol
64:20 Elite Teutonic Knight
64:32 Elite Teutonic Knight
65:18 Halberdier
68:16 Plate Barding Armor
68:01 Chain Mail Armor
67:41 Bodkin Arrow
Louis087577
2:33 Loom
12:10 Feudal Age
12:33 Double-Bit Axe
16:36 Wheelbarrow
16:26 Gold Mining
17:57 Horse Collar
19:44 Town Watch
22:37 Castle Age
21:33 Bloodlines
21:30 Scale Barding Armor
21:36 Forging
23:29 Bow Saw
23:22 Husbandry
23:38 Husbandry
24:21 Husbandry
26:26 Heavy Plow
27:56 Gold Shaft Mining
30:11 Stone Mining
30:54 Hand Cart
35:50 Imperial Age
33:23 Town Patrol
33:24 Pikeman
34:06 Squires
34:08 Murder Holes
34:34 Ballistics
35:24 Man-at-Arms
35:50 Gambesons
37:14 Crop Rotation
37:29 Cavalier
38:32 Chain Barding Armor
38:47 Iron Casting
38:03 Fletching
39:39 Conscription
40:27 Stone Shaft Mining
39:58 Savar
43:20 Plate Barding Armor
44:33 Blast Furnace
46:45 Halberdier
48:37 Arson
48:38 Gambesons
48:57 Scale Mail Armor
48:57 Padded Archer Armor
51:42 Citadels
53:08 Hoardings
61:26 Crossbowman
62:12 Thumb Ring
62:25 Leather Archer Armor
62:25 Chain Mail Armor
62:21 Thumb Ring
63:33 Kamandaran
68:07 Ring Archer Armor
68:09 Plate Mail Armor
67:37 Bodkin Arrow
Connection lost

Rejoining the realm…

Still unreachable

The connection could not be restored.

Session expired

The server has moved on; the page needs a fresh start.